 Dungeon Crawl Stone Soup version 0.24.1-8-ga250c9d538 (webtiles) character file.

Game seed: 4015450308696125859, levelgen mode: deterministic

15 Peloso the Skirmisher (level 2, -1/24 HPs)
             Began as a Demonspawn Fighter on May 1, 2020.
             Slain by a hobgoblin (4 damage)
             ... on level 1 of the Dungeon.
             The game lasted 00:00:24 (87 turns).

Peloso the Skirmisher (Demonspawn Fighter)            Turns: 87, Time: 00:00:24

Health: -1/24      AC:  6    Str: 16    XL:     2   Next: 34%
Magic:  2/2        EV:  6    Int:  9    God:
Gold:   0          SH:  8    Dex: 12    Spells: 1/1 levels left

rFire    . . .     SeeInvis .   a - +0 long sword
rCold    . . .     Gourm    .   c - +0 shield
rNeg     . . .     Faith    .   b - +0 scale mail
rPois    .         Spirit   .   (helmet restricted)
rElec    .         Reflect  .   (no cloak)
rCorr    .         Harm     .   (no gloves)
MR       .....                  (no boots)
Stlth    ..........             (no amulet)
HPRegen  0.08/turn              (no ring)
MPRegen  0.08/turn              (no ring)

@: no status effects
A: antennae 1
a: no special abilities


You were on level 1 of the Dungeon.
You were not hungry.

You visited 1 branch of the dungeon, and saw 2 of its levels.

Inventory:

Hand Weapons
 a - a +0 long sword (weapon)
Armour
 b - a +0 scale mail (worn)
 c - a +0 shield (worn)
Jewellery
 g - an uncursed ring of fire {unknown}
Potions
 d - a potion of might
 e - a potion of berserk rage {unknown}
Comestibles
 f - 2 rations


   Skills:
 + Level 3.2 Fighting
 + Level 1.8 Long Blades
 + Level 2.9 Armour
 + Level 3.0 Shields


You had one spell level left.
You didn't know any spells.
Your spell library was empty.

Dungeon Overview and Level Annotations

Branches:
Dungeon (2/15)

Altars:


Innate Abilities, Weirdness & Mutations

You have a pair of small antennae on your head.


Message History

The giant cockroach bites you but does no damage.
The kobold hits you but does no damage. You block the hobgoblin's attack.
The bat barely misses you.
You riposte.
You hit the bat.
You kill the bat!
Your Shields skill increases to level 3!
The giant cockroach bites you but does no damage.
You block the kobold's attack.
The hobgoblin hits you but does no damage.
The giant cockroach bites you.
* * * LOW HITPOINT WARNING * * *
You block the kobold's attack. The hobgoblin closely misses you.
The giant cockroach bites you but does no damage.
Unknown command.
You block the kobold's attack.
The hobgoblin hits you but does no damage.
You block the giant cockroach's attack.
Unknown command.
You block the kobold's attack. You block the giant cockroach's attack.
The hobgoblin hits you.
You die...

### ### ##!##
....?##.†.########
.......>..........
#######.Kgs†.....#
##.#@#####.# ###K#
#.# #.# #.#
####### #.#
#####p#p#e# # #.#
#^#e############.#
#####..(....#H#


You could see a giant cockroach, a hobgoblin and 2 kobolds.

Vanquished Creatures
  A hound skeleton (D:2)
  A bat (D:1)
  A giant cockroach (D:1)
3 creatures vanquished.

Notes
Turn   | Place    | Note
-------+----------+-------------------------------------------
     0 | D:1      | Peloso the Demonspawn Fighter began the quest for the Orb.
     0 | D:1      | Reached XP level 1. HP: 18/18 MP: 1/1
     0 | D:1      | Noticed a vampire
     0 | D:1      | Noticed an octopode
     3 | D:1      | Noticed a vampire
     5 | D:1      | Noticed a formicid
     6 | D:1      | Noticed a ghoul
     7 | D:1      | Noticed a draconian
    10 | D:1      | Noticed an elf
    10 | D:1      | Noticed a spriggan
    12 | D:1      | Noticed a human
    12 | D:1      | Noticed an ogre
    14 | D:1      | Noticed a human
    14 | D:1      | Noticed a minotaur
    14 | D:1      | Noticed a draconian
    16 | D:1      | Noticed an elf
    16 | D:1      | Noticed a naga
    16 | D:1      | Noticed a naga
    17 | D:1      | You fall into a shaft and drop 1 floor!
    23 | D:2      | Gained mutation: You have a pair of small antennae on your
                  | head. [demonic ancestry]
    23 | D:2      | Reached XP level 2. HP: 24/24 MP: 2/2
    37 | D:2      | Found a faded altar of an unknown god.
    87 | D:1      | Slain by a hobgoblin

Levels and vault maps discovered:
D:1:      shiori_arrival_whats_in_store_for_you, layout_loops_ring
D:2:      layout_basic, chequers_ecumenical_altar_simple_redux, first_ration,
          uniq_jessica

Skill      XL: |  1  2 |
---------------+-------+-----
Shields        | 3 |  3.0
Fighting       | |  3.2
Long Blades    | |  1.8
Armour         | |  2.9

Action                   || total
-------------------------++-------
Melee: Long sword        ||     8
Armor: Scale mail        ||    39
Dodge: Dodged            ||    22
Block: Shield            ||    42
       Rpst.: Long sword ||     5
